 Dungeon Crawl Stone Soup version 0.19.5 (webtiles) character file.

344 Monsterracer the Conjurer (level 6, -2/36 HPs)
             Began as a High Elf Conjurer on Oct 26, 2017.
             Killed from afar by an orc wizard (9 damage)
             ... with a magic dart
             ... on level 4 of the Dungeon.
             The game lasted 00:06:49 (3428 turns).

Monsterracer the Conjurer (High Elf Conjurer)       Turns: 3428, Time: 00:06:49

Health: -2/36      AC:  3    Str:  7    XL:     6   Next: 31%
Magic:  0/13       EV: 13    Int: 26    God:
Gold:   229        SH:  0    Dex: 20    Spells: 4 memorised, 2 levels left

rFire  . . .     SeeInvis .     b - +0 spear
rCold  . . .     Gourm    .     v - +0 robe
rNeg   . . .     Faith    .     (no shield)
rPois  .         Spirit   .     (no helmet)
rElec  .         Reflect  .     (no cloak)
rCorr  .         Harm     .     (no gloves)
MR     .....                    l - +0 pair of boots
Stlth  ++........               (no amulet)
                                u - +3 ring of dexterity
                                t - +6 ring of intelligence

@: no status effects
A: no striking features
a: no special abilities


You were on level 4 of the Dungeon.
You were not hungry.

You visited 1 branch of the dungeon, and saw 4 of its levels.

You collected 229 gold pieces.

Inventory:

Hand Weapons
 b - a +0 spear (weapon)
 y - a +1 dagger of electrocution
Armour
 k - a cursed +0 scale mail
 l - a +0 pair of boots (worn)
 v - a +0 robe (worn)
Jewellery
 t - a +6 ring of intelligence (left hand)
 u - a +3 ring of dexterity (right hand)
Scrolls
 a - a scroll of blinking {unknown}
 d - a scroll of identify {unknown}
 e - a scroll of immolation {unknown}
 f - 2 scrolls of magic mapping {unknown}
 g - 2 scrolls of noise {unknown}
 i - 2 scrolls of remove curse {unknown}
 j - a scroll of enchant weapon {unknown}
 s - a scroll of random uselessness {unknown}
Potions
 h - a potion of berserk rage {unknown}
 m - 5 potions of might {unknown}
 p - a potion of cancellation {unknown}
 q - 2 potions of mutation {unknown}
 r - a potion of resistance {unknown}
 x - 2 potions of lignification {unknown}
Books
 o - a book of Conjurations

   Spells                             Type                      Level
   a - Magic Dart                     Conjuration                  1
   b - Searing Ray                    Conjuration                  2
   c - Dazzling Spray                 Conjuration/Hexes            3
   d - Fulminant Prism                Conjuration/Hexes            4
   e - Iskenderun's Mystic Blast      Conjuration                  4
   f - Iskenderun's Battlesphere      Conjuration/Charms           5
Comestibles
 c - 3 bread rations
 n - 3 meat rations
 w - a chunk of flesh
 z - a beef jerky
 A - a slice of pizza


   Skills:
 - Level 2.1 Dodging
 - Level 2.1 Stealth
 + Level 4.5 Spellcasting
 * Level 7.1 Conjurations
 * Level 1.7 Charms


You had 2 spell levels left.
You knew the following spells:

 Your Spells              Type           Power        Failure   Level  Hunger
a - Magic Dart            Conj           ####         1%          1    None
b - Searing Ray           Conj           #####.       1%          2    None
c - Iskenderun's Mystic   Conj           #####...     6%          4    ####...
d - Iskenderun's Battles  Conj/Chrm      ####....     38%         5    #####..


Dungeon Overview and Level Annotations

Branches:
Dungeon (4/15)
 Temple: D:4-7

Altars:
Makhleb
Ru

Annotations:
D:4 Pikel


Message History

The giant cockroach is heavily wounded.
The giant cockroach barely misses you.
The giant cockroach completely misses you.
You hit the giant cockroach.
You kill the giant cockroach!
No target in view!
An orc and an orc wizard come into view.
There are monsters nearby!
The orc shouts!
Found a stone staircase leading down.
An orc wizard comes into view. It is wielding a dagger.
An orc and a slave come into view.
The orc wizard shouts! x2
Found a scroll labeled RONASI UKICZIDWESCH.
A slave comes into view.
The slave shouts!
You hear a shout! x4
The orc wizard looks braver for a moment.
A quokka comes into view.
Casting: Searing Ray
Confirm with . or Enter, or press ? or * to list all spells.
Okay, then.
Casting: Searing Ray
Confirm with . or Enter, or press ? or * to list all spells.
Aiming: Searing Ray
Press: ? - help, Shift-Dir - straight line, f - slave
Aim: a slave, wearing an animal skin The searing ray misses the slave.
The searing ray hits the orc.
The orc is almost dead. (Press . to maintain the ray.)
The searing ray misses the slave.
The searing ray hits the orc.
The orc is almost dead.
The slave hits you. The orc hits you but does no damage.
The searing ray hits the slave.
The slave is moderately wounded.
The slave hits you.
The orc hits you from afar with an enchanted trident.
Pikel the Slaver comes into view.
He is wielding a whip of freezing.
The searing ray hits the slave.
The slave is severely wounded.
The searing ray hits the orc.
You kill the orc!
You finish channeling your searing ray.
The slave barely misses you.
Pikel says, "Why not give it a go?
You'll get fed.
Maybe."
Casting: Searing Ray
Confirm with . or Enter, or press ? or * to list all spells.
Aiming: Searing Ray
Press: ? - help, Shift-Dir - straight line, f/p - slave
Aim: a slave, wearing an animal skin (severely wounded)
The searing ray hits the slave.
The slave is almost dead. (Press . to maintain the ray.)
The slave barely misses you. Pikel waves his whip at you.
The searing ray misses the slave.
The searing ray hits the quokka.
The quokka is severely wounded.
The slave closely misses you.
The orc wizard mumbles some strange words.
The orc wizard seems to speed up.
The searing ray hits the slave.
You kill the slave!
That felt strangely unrewarding.
The orc wizard mumbles some strange words.
The orc wizard flickers and vanishes!
Deactivating autopickup; reactivate with Ctrl-A.
A slave comes into view.
The searing ray hits the quokka.
You kill the quokka!
The searing ray hits the orc.
You kill the orc!
You finish channeling your searing ray.
The orc wizard casts a spell at you. The puff of flame hits you!
The slave shouts!
Things that are here:
an animal skin; a quokka corpse A magic dart appears from out of thin air!
The magic dart hits you!
* * * LOW HITPOINT WARNING * * *
Unknown command.
Casting: Searing Ray
Confirm with . or Enter, or press ? or * to list all spells.
Aiming: Searing Ray
Press: ? - help, Shift-Dir - straight line, f - orc wizard
Aim: an orc wizard, wielding a dagger and wearing a robe (fast)
The searing ray hits the orc wizard.
The orc wizard is lightly wounded. (Press . to maintain the ray.)
The orc wizard points at you and mumbles some strange words.
The magic dart hits something.
The searing ray hits the orc wizard.
The orc wizard is severely wounded.
You hear some strange, mumbled words.
A puff of flame appears from out of thin air!
The puff of flame hits you!
* * * LOW HITPOINT WARNING * * *
The searing ray hits something.
Something hits you.
* * * LOW HITPOINT WARNING * * *
A magic dart appears from out of thin air!
The magic dart hits you!
You die...

.......##..# ...#
...#...#.#.##...# .?.
...#...#.#.##...# ..
#######'........# ..
#......##...### p
######.##...... .#
#..(....# #.##.#
#.###...#######.....#
... #....@.[oKpp..#
#.#
#.#.#######....o>.
... ....... ..##.##
### #######.# .... .#
#.##. # .# .. .# # ##


You could see Pikel, 2 slaves and an orc wizard.

Vanquished Creatures
  A slave (D:4)
  3 orc priests
  A jelly (D:3)
  3 orc wizards
  3 adders
  An adder skeleton (D:4)
  2 worms
  3 dart slugs
  2 leopard geckos (D:2)
  16 orcs
  7 bats
  8 giant cockroaches
  7 goblins
  6 hobgoblins
  6 jackals
  4 kobolds
  2 quokkas
  2 ball pythons
  2 frilled lizards
  11 rats
90 creatures vanquished.

Notes
Turn   | Place    | Note
-------+----------+-------------------------------------------
     0 | D:1      | Monsterracer the High Elf Conjurer began the quest for the Orb.
     0 | D:1      | Reached XP level 1. HP: 11/11 MP: 4/4
   247 | D:1      | Reached XP level 2. HP: 12/17 MP: 3/6
   344 | D:1      | Learned a level 2 spell: Searing Ray
   525 | D:1      | Reached skill level 5 in Conjurations
   995 | D:2      | Reached XP level 3. HP: 21/21 MP: 5/8
  1609 | D:2      | Found a burning altar of Makhleb.
  1868 | D:3      | Reached XP level 4. HP: 18/27 MP: 4/9
  1874 | D:3      | Learned a level 4 spell: Iskenderun's Mystic Blast
  2016 | D:3      | Reached skill level 6 in Conjurations
  2051 | D:3      | HP: 13/27 [orc/hand axe (7)]
  2288 | D:3      | Reached XP level 5. HP: 31/31 MP: 7/11
  2410 | D:3      | Learned a level 5 spell: Iskenderun's Battlesphere
  2942 | D:4      | HP: 15/31 [orc/flail (10)]
  2943 | D:4      | Reached skill level 7 in Conjurations
  2943 | D:4      | Reached skill level 1 in Charms
  2943 | D:4      | Reached XP level 6. HP: 17/36 MP: 6/13
  2947 | D:4      | HP: 16/36 [something (2)]
  3304 | D:4      | Found a sacrificial altar of Ru.
  3410 | D:4      | Noticed a slave
  3411 | D:4      | Noticed a slave
  3418 | D:4      | Noticed Pikel
  3421 | D:4      | Killed a slave
  3422 | D:4      | Noticed a slave
  3424 | D:4      | HP: 16/36 [something/magic dart (6)]
  3426 | D:4      | HP: 7/36 [something/puff of flame (9)]
  3428 | D:4      | Killed from afar by an orc wizard

Skill      XL: |  1  2  3  4  5 |
---------------+----------------+-----
Conjurations   | 5 6 7 |  7.1
Spellcasting   | 3 4 |  4.5
Charms         | 1 |  1.7
Dodging        | |  2.1
Stealth        | |  2.1

Action                   |  1- 3 |  4- 6 || total
-------------------------+-------+-------++-------
Melee: Unarmed           |     6 |       ||     6
       Spear             |    13 |    26 ||    39
 Cast: Magic Dart        |    75 |    40 ||   115
       Searing Ray       |     5 |    13 ||    18
 Stab: Paralysed         |       |     2 ||     2
  Eat: Chunk             |     3 |     5 ||     8
Armor: Robe              |     9 |    10 ||    19
Dodge: Dodged            |    31 |    27 ||    58

Vault maps used:
D:1:      dpeg_arrival_brainrot, minmay_misc_feat_nine_boxes,
          hangedman_abyss_or_decor_lesser_grid
D:2:      marbit_many_paths
D:4:      minmay_temple_entry_fiery, first_bread,
          nicolae_ru_great_annihilating_truth, uniq_pikel
